AoeStats
← Comend x comend

African Clearing

506713862Analyzed
3v3 RM · 17d ago on Sep 14, 2026· 45m 9s· 6 players
Game mode
Random Map
Map size
Normal (6 player)
Population
200
Speed
Normal
Resources
Standard
Victory
Conquest
Starting age
Dark Age
Ending age
Imperial Age
RankedLock teamsTeams togetherTeam positionsShared explorationLock speedFull tech treeHidden civsTurbo modeCheats
Victory
Defeat
🇺🇸 Koreans · United States
1380
+14
🇹🇷 Mongols · Türkiye
1368
+15
🇨🇿 Bulgarians · Czechia
1312
+17
🇵🇪 Spanish · Peru
1375
-17
🇨🇱 Khmer · Chile
1338
-15
🇨🇴 Gurjaras · Colombia
1303
-14
andresgonzalez24
13:08 Feudal Age
17:57 Castle Age
15:58 Loom
16:16 Double-Bit Axe
18:51 Wheelbarrow
20:04 Bow Saw
27:26 Pikeman
36:01 Fletching
36:00 Horse Collar
40:40 Tusk Swords
42:13 Gold Mining
44:42 Town Watch
Comend x comend
4:36 Loom
13:23 Feudal Age
14:45 Double-Bit Axe
17:16 Bloodlines
20:10 Castle Age
24:44 Bow Saw
27:22 Scale Barding Armor
31:40 Husbandry
37:37 Town Watch
[IMGG]Poncho
9:09 Loom
11:30 Feudal Age
12:16 Double-Bit Axe
16:59 Town Watch
17:46 Fletching
18:09 Padded Archer Armor
18:49 Scale Mail Armor
19:30 Forging
25:05 Castle Age
24:10 Gold Mining
27:15 Crossbowman
31:32 Horse Collar
32:35 Bloodlines
33:21 Husbandry
36:13 Bodkin Arrow
37:55 Scale Barding Armor
38:51 Wheelbarrow
39:19 Chain Barding Armor
43:08 Iron Casting
alexgelas
4:28 Loom
14:12 Feudal Age
21:33 Double-Bit Axe
27:50 Castle Age
28:56 Wheelbarrow
27:52 Pikeman
28:33 Scale Mail Armor
29:15 Fletching
31:17 Stone Mining
31:19 Gold Mining
31:42 Bow Saw
31:25 Horse Collar
35:13 Chain Mail Armor
36:06 Hand Cart
35:38 Town Watch
36:00 Gambesons
36:30 Forging
37:49 Gold Mining
38:24 Masonry
40:13 Bodkin Arrow
42:01 Squires
43:48 Eupseong
Anatoly
5:23 Loom
11:38 Feudal Age
13:58 Double-Bit Axe
16:53 Bloodlines
16:50 Scale Barding Armor
17:50 Forging
22:12 Fletching
23:10 Padded Archer Armor
25:31 Castle Age
24:20 Stone Mining
24:20 Gold Mining
25:35 Elite Skirmisher
28:13 Ballistics
32:19 Horse Collar
36:58 Heavy Plow
42:10 Wheelbarrow
43:30 Husbandry
43:49 Leather Archer Armor
44:27 Bodkin Arrow
46:04 Hand Cart
Joseph90
3:04 Loom
4:03 Loom
12:53 Feudal Age
14:37 Double-Bit Axe
18:53 Forging
18:50 Scale Barding Armor
18:59 Bloodlines
21:45 Horse Collar
26:43 Castle Age
26:48 Light Cavalry
27:54 Chain Barding Armor
29:56 Fletching
36:21 Iron Casting
35:51 Husbandry
37:04 Heavy Plow
38:03 Stone Mining
38:03 Gold Mining
40:48 Wheelbarrow
39:59 Town Watch
42:40 Bow Saw
42:50 Bodkin Arrow
44:55 Hand Cart
Connection lost

Rejoining the realm…

Still unreachable

The connection could not be restored.

Session expired

The server has moved on; the page needs a fresh start.